 Dungeon Crawl Stone Soup version 0.29.1-1-gd02db6906a (webtiles) character file.

Game seed: 11701313374943501141

3 nicanaca0 the Shield-Bearer (level 1, 14/14 HPs)
             Began as a Gargoyle Fighter on Oct 3, 2022.
             Quit the game on level 1 of the Dungeon on Oct 7, 2022.
             The game lasted 00:03:00 (262 turns).

nicanaca0 the Shield-Bearer (Gargoyle Fighter)       Turns: 262, Time: 00:03:00

Health: 14/14      AC: 11    Str: 19    XL:     1   Next: 50%
Magic:  1/1        EV:  7    Int:  8    God:
Gold:   23         SH:  4    Dex:  9    Spells: 0/0 levels left

rFire   . . .      SeeInvis .   a - +0 flail
rCold   . . .      Faith    .   c - +0 buckler
rNeg    + . .      Spirit   .   e - +0 chain mail
rPois   ∞          Reflect  .   (no helmet)
rElec   +          Harm     .   (no cloak)
rCorr   .          Rampage  .   (no gloves)
Will    .....                   (no boots)
Stlth   ..........              (no amulet)
HPRegen 0.04/turn               (no ring)
MPRegen 0.07/turn               (no ring)

@: no status effects
A: sickness immunity, AC +2, negative energy resistance 1, electricity
resistance, torment resistance 1, petrification resistance
a: no special abilities


You were on level 1 of the Dungeon.
You visited 1 branch of the dungeon, and saw 1 of its levels.

You collected 23 gold pieces.

Inventory:

Hand Weapons
 a - a +0 flail (weapon)
Armour
 c - a +0 buckler (worn)
 e - a +0 chain mail (worn)
 i - a +0 plate armour
 j - a +0 helmet
Scrolls
 f - a scroll of noise {unknown}
 g - 2 scrolls of teleportation {unknown}
Potions
 b - a potion of degeneration {unknown}
 d - a potion of might
 h - a potion of flight {unknown}


   Skills:
 - Level 3.2 Fighting
 * Level 2.3 Maces & Flails
 - Level 3.2 Armour
 - Level 3.2 Shields


You couldn't memorise any spells.
You didn't know any spells.
Your spell library was empty.

Dungeon Overview and Level Annotations

Branches:
Dungeon (1/15)

Altars:


Innate Abilities, Weirdness & Mutations

You are immune to sickness and miasma.
Your stone body is resilient. (AC +2)
You are immune to poison.
You resist negative energy. (rN+)
You are resistant to electric shocks. (rElec)
You are resistant to unholy torment.
You are immune to petrification.


Message History

The endoplasm hits you but does no damage.
You hit the endoplasm.
The endoplasm is moderately wounded.
The endoplasm hits you but does no damage.
You sock the endoplasm!
You kill the endoplasm!
Key pressed, stopping explore.
No target in view!
Found a faded altar of an unknown god.
No target in view!
g - 2 scrolls labelled OTTEPT RYTYAG (gained 1)
Found a sling.
No target in view!
No target in view!
There is a faded altar of an unknown god here.
j - a +0 helmet No target in view!
You open the door.
A rat comes into view.
There is an open door here.
A rat is nearby!
You thump the rat!
You kill the rat!
No target in view!
Options error: Delay interrupt name "hungry" not recognised. (~/.crawlrc:102) Welcome back, nicanaca0 the Gargoyle Fighter.
Press ? for a list of commands and other information.
Your movement speed is average.
Your attack delay is about 1.3.
An endoplasm comes into view.
The endoplasm quivers.
Options error: Delay interrupt name "hungry" not recognised. (~/.crawlrc:102) Welcome back, nicanaca0 the Gargoyle Fighter.
Press ? for a list of commands and other information.
Options error: Delay interrupt name "hungry" not recognised. (~/.crawlrc:102) Welcome back, nicanaca0 the Gargoyle Fighter.
Press ? for a list of commands and other information.
Options error: Delay interrupt name "hungry" not recognised. (~/.crawlrc:102) Welcome back, nicanaca0 the Gargoyle Fighter.
Press ? for a list of commands and other information.
Are you sure you want to abandon this character and quit the game? (Confirm with "yes".)

##+## #.#. ##...###.#.##
# ##.....##.#... #.#
##.......#.###.
......####..............
.J......'..............
#...####.........####.
.. .#..#####.......## #.
... #..@.........## #.
...##...8.8.....## #.
.##.#...8.8.8..+## #.
.........8_8..#.# ##
#.....8.8.8.#.#
#......8.8..#.####
#................#
##.....)..#..#####
##.....####.##########


You could see an endoplasm.

Vanquished Creatures
  An endoplasm (D:1)
  A hobgoblin (D:1)
  A rat (D:1)
3 creatures vanquished.

Notes
Turn   | Place    | Note
-------+----------+-------------------------------------------
     0 | D:1      | nicanaca0 the Gargoyle Fighter began the quest for the Orb.
     0 | D:1      | Reached XP level 1. HP: 14/14 MP: 1/1
   206 | D:1      | Found a faded altar of an unknown god.
   262 | D:1      | Quit the game

Illustrated notes

Levels and vault maps discovered:
D:1:      psy_arrival_statuary, layout_loops_corners,
          chequers_ecumenical_altar_simple_redux

Action                   || total
-------------------------++-------
Melee: Flail             ||     4
Armor: Chain mail        ||     2
